Cogmind - Beta 9.6 @@@ ROGUE MODE // 2020.08.29 @ 16:05:01 Player: Cracklepappy Result: Destroyed by 8R-AWN with 8R-AWN's Boregun Performance ------------- Evolutions (1) 500 Regions Visited (5) 1000 Robots Destroyed (112) 560 Value Destroyed (2148) 2148 Prototype IDs (26) 520 Alien Tech Used (0) 0 Bonus (391) 391 TOTAL SCORE: 5119 Bonus ------- High Alert Combat Kills 190 Follower Combat Kills 60 Aligned with FarCom 300 Friendly Fire -159 Cogmind --------- Core Integrity 0/400 Matter 42/300 Energy 265/265 System Corruption 5% Temperature Cool (81) Movement Treading (160) Location -9/Exiles Parts ------- > --- POWER (1) -------- Improved Ion Engine > --- PROPULSION (3) --- Light Treads Light Treads Light Treads > --- UTILITY (3) ------ Large Storage Unit Large Storage Unit Light Armor Plating > --- WEAPON (2) ------- Autogun Improved Light Cannon > --- INVENTORY (16) --- Light Nuclear Core Improved Treads Improved Treads High-capacity Matter Pod (200) AWS/Thermal Light Assault Rifle Heavy Assault Rifle Heavy Assault Rifle Improved Assault Rifle Heavy Hammer Peak State ------------ > --- POWER ------------ Improved Ion Engine > --- PROPULSION ------- Light Treads Light Treads Light Treads > --- UTILITY ---------- Large Storage Unit Large Storage Unit 0b10 Alert Chip > --- WEAPON ----------- Light Assault Rifle Heavy Assault Rifle > --- INVENTORY -------- Light Nuclear Core Light Treads Light Treads Improved Treads Improved Treads High-capacity Matter Pod Improved Signal Interpreter Improved Terrain Scanner Light Armor Plating Heavy Assault Rifle Autogun Improved Assault Rifle Improved Light Cannon EMP Blaster Rocket Launcher Heavy Hammer [Rating: 19] Favorites ----------- Power Improved Ion Engine Engine Improved Ion Engine Power Core Light Nuclear Core Propulsion Light Treads Treads Light Treads Wheel Wheel Utility Large Storage Unit Device Improved Terrain Scanner Storage Large Storage Unit Processor 0b10 Alert Chip Protection Medium Armor Plating Weapon Improved Light Cannon Energy Gun EM Shotgun Energy Cannon Light EM Pulse Cannon Ballistic Gun Heavy Assault Rifle Ballistic Cannon Improved Light Cannon Launcher Grenade Launcher Special Weapon Mining Laser Impact Weapon Heavy Hammer Build | -11 -10 -10 -9 -9 -9 ------- Run | Scr Mat Min Mat Min Exi Slots Evolved 2 | . . . 2 . . Power . | . . . . . . Propulsion 1 | . . . 1 . . Utility 1 | . . . 1 . . Weapon . | . . . . . . Parts Attached 86 | 8 18 7 37 7 9 Power 6 | 1 1 1 3 . . Engine 4 | 1 1 . 2 . . Core 2 | . . 1 1 . . Reactor . | . . . . . . Propulsion 24 | 3 5 . 14 . 2 Treads 19 | 2 1 . 14 . 2 Leg . | . . . . . . Wheel 5 | 1 4 . . . . Hover . | . . . . . . Flight . | . . . . . . Utility 13 | 2 2 . 5 1 3 Device 1 | 1 . . . . . Storage 3 | 1 2 . . . . Processor 1 | . . . . . 1 Hackware . | . . . . . . Protection 8 | . . . 5 1 2 Artifact . | . . . . . . Weapon 43 | 2 10 6 15 6 4 Energy Gun 3 | . . . 3 . . Energy Cannon 1 | . . . 1 . . Ballistic Gun 14 | 2 4 . 4 3 1 Ballistic Cannon 8 | . 2 3 2 . 1 Launcher 15 | . 3 3 4 3 2 Special Weapon 1 | . 1 . . . . Impact Weapon 1 | . . . 1 . . Slashing Weapon . | . . . . . . Piercing Weapon . | . . . . . . Special Melee Weapon . | . . . . . . Unidentified Prototypes 1 | . . . 1 . . Parts Lost 15 | . 2 . 9 1 3 Power 2 | . 1 . 1 . . Propulsion 7 | . 1 . 4 . 2 Utility 4 | . . . 2 1 1 Weapon 2 | . . . 2 . . Highest Loss Streak 4 | . 1 . 4 1 3 Average Slot Usage (%) 98 | . 98 100 97 100 99 Engine 7 | . 13 5 4 11 11 Core 4 | . . 8 6 . . Treads 25 | . 5 14 32 33 32 Wheel 6 | . 21 14 . . . Storage 23 | . 27 28 22 22 22 Protection 6 | . . . 9 11 10 Energy Gun 3 | . . . 8 . . Energy Cannon 1 | . . . 2 . . Ballistic Gun 10 | . 10 . 6 21 20 Ballistic Cannon 7 | . 13 26 3 . 1 Naked Turns . | . . . . . . Heaviest Build 54 | 14 45 45 52 52 54 Greatest Support 66 | 40 20 10 66 60 60 Greatest Overweight (x) 4 | 1 4 4 4 . . Average Overweight (x) 1 | . 2 4 . . . Largest Inventory Capacity 16 | 6 16 16 16 16 16 Average Capacity 15 | 5 15 16 16 16 16 Most Carried 16 | 6 16 16 16 16 16 Average Carried 15 | 3 14 15 15 15 15 Final Capacity 16 | 6 16 16 16 16 16 Final Carried 16 | 6 16 16 16 16 11 Class Distribution -------------------- 55% | Mutant 44% | Scavenger-Mutant Dominant Class ---------------- Mutant | -10/Materials Mutant | -10/Mines Mutant | -9/Materials Scavenger-Mutant | -9/Mines Scavenger-Mutant | -9/Exiles Resources | -11 -10 -10 -9 -9 -9 ----------- Run | Scr Mat Min Mat Min Exi Matter Collected 2176 | 175 279 500 1005 188 29 Remotely . | . . . . . . Salvage Created 2911 | 127 377 205 1747 414 41 Parts 199 | 12 27 14 108 37 1 Haulers Intercepted 6 | . 1 . 5 . . Recyclers Shooed 1 | . . . 1 . . Parts Field Recycled . | . . . . . . Retrieved Matter . | . . . . . . Parts Self-Destructed . | . . . . . . Prevented . | . . . . . . Kills | -11 -10 -10 -9 -9 -9 ------- Run | Scr Mat Min Mat Min Exi Combat Hostiles Destroyed 80 | . 9 12 40 14 5 Guns 20 | . 2 . 14 4 . Cannons 25 | . . 6 19 . . AOE 34 | . 7 6 6 10 5 Classes Destroyed 11 | 2 5 . 3 . 1 Worker 5 | . 3 . 1 1 . Builder 3 | . . . 2 1 . Tunneler 5 | 4 . . 1 . . Hauler 6 | . 1 . 5 . . Recycler 5 | 1 2 . 1 1 . Watcher 7 | . 2 . 5 . . Swarmer 36 | . 5 6 14 11 . Grunt 27 | . 4 6 14 3 . Brawler 3 | . . . 3 . . Sentry 9 | . . . 9 . . Assembled 5 | . . . . . 5 Thug 1 | . . . . . 1 Best Kill Streak 10 | 5 10 3 9 5 5 Combat Bots Only 7 | . 6 3 7 4 5 Max Kills in Single Turn 3 | 1 3 3 3 3 3 Gunslinging . | . . . . . . Exploded 3 | . 2 3 2 3 2 Melee . | . . . . . . Uniques/NPCs Destroyed . | . . . . . . Combat | -11 -10 -10 -9 -9 -9 -------- Run | Scr Mat Min Mat Min Exi Damage Taken 3565 | . 387 268 2028 281 601 Core 522 | . 71 42 285 31 93 Absorbed by Shields . | . . . . . . Core Remaining (%) 77 | 100 . 54 . . . Volleys Fired 212 | 7 30 20 119 16 20 Largest 2 | 2 2 2 2 2 2 Hottest 101 | 40 100 78 101 46 66 Shots Fired 399 | 14 51 38 228 27 41 Gun 195 | 14 22 . 121 21 17 Cannon 163 | . 14 34 99 . 16 Launcher 39 | . 13 4 8 6 8 Special 2 | . 2 . . . . Kinetic 255 | 14 36 34 117 21 33 Thermal 2 | . 2 . . . . Explosive 29 | . 13 4 8 . 4 Electromagnetic 113 | . . . 103 6 4 Robot Hit Streak 16 | 5 7 6 12 16 10 Robot Miss Streak 6 | 3 6 4 5 2 4 Penetration Max . | . . . . . . Secondary Targets 2 | . . . 2 . . Max Gunslinging Chain 1 | . . . 1 . . Shots Hit Robots 264 | 6 25 23 165 17 28 Core Hits 162 | 6 22 14 84 20 16 Critical Hits 4 | . . . 4 . . Critical Kills 1 | . . . 1 . . Critical Parts Destroyed 2 | . . . 2 . . Melee Attacks 1 | . . . 1 . . Impact 1 | . . . 1 . . Slashing . | . . . . . . Piercing . | . . . . . . Sneak Attacks . | . . . . . . Combat Hostiles . | . . . . . . Follow-up Attacks . | . . . . . . Damage Inflicted 6893 | 97 1073 728 3481 722 792 Guns 2196 | 97 187 . 1427 276 209 Cannons 2236 | . 148 456 1391 . 241 Explosions 2461 | . 738 272 663 446 342 Melee . | . . . . . . Ramming . | . . . . . . Kinetic 2997 | 97 335 456 1383 276 450 Thermal 380 | . . . 195 185 . Explosive 1770 | . 738 272 468 . 292 Electromagnetic 1746 | . . . 1435 261 50 Impact . | . . . . . . Slashing . | . . . . . . Piercing . | . . . . . . Highest Corruption 5 | . . . 4 5 5 Average Corruption 4 | . . . 3 4 5 Corruption Purged . | . . . . . . Effects 95 | . . . 56 24 15 Message Errors 18 | . . . 9 5 4 Matter Fused 20 | . . . 12 6 2 Heat Flow Errors 10 | . . . 4 4 2 Energy Discharges 13 | . . . 9 3 1 Parts Rejected 1 | . . . 1 . . Data Loss (minor) 9 | . . . 7 1 1 Data Loss (major) 1 | . . . . 1 . Misfires 3 | . . . . 2 1 Targeting Errors 18 | . . . 13 1 4 Weapon Failures 2 | . . . 1 1 . Overload Shots . | . . . . . . Overflow Damage 111 | . 25 18 55 4 9 Projectiles 20 | . 1 8 11 . . Explosions 91 | . 24 10 44 4 9 Melee . | . . . . . . Knockbacks 11 | . 1 2 3 . 5 Impact . | . . . . . . Kinetic 10 | . 1 2 2 . 5 Secondary 1 | . . . 1 . . Self-Inflicted Damage 321 | . 65 29 154 73 . Shots 13 | . 3 1 5 4 . Rammed . | . . . . . . Targets Rammed . | . . . . . . Kicked . | . . . . . . Crushed . | . . . . . . Highest Temperature 378 | . 36 195 378 255 248 Average Temperature 79 | . 13 63 87 93 59 Received Heat Transfer 966 | . 120 126 672 48 . Effects 4 | . . . 4 . . Energy Bleed 1 | . . . 1 . . Interference 1 | . . . 1 . . Matter Decay 1 | . . . 1 . . Short Circuit 1 | . . . 1 . . Siege Activations . | . . . . . . Robots Corrupted 2 | . . . 2 . . Combat Hostiles 1 | . . . 1 . . Parts Fried 6 | . . . 6 . . Impact Corruptions . | . . . . . . Robots Melted . | . . . . . . Combat Hostiles . | . . . . . . Parts Melted . | . . . . . . Heat Transferred 500 | . . . 300 200 . Parts Sabotaged . | . . . . . . Parts Stolen . | . . . . . . Parts Stripped . | . . . . . . Power Chain Reactions 10 | . . . 5 5 . Missiles Intercepted . | . . . . . . Alert | -11 -10 -10 -9 -9 -9 ------- Run | Scr Mat Min Mat Min Exi Peak Influence 642 | 25 220 131 642 457 . Average Influence 269 | 7 111 56 396 329 . Maximum Alert Level 2 | . 1 1 2 2 . Low Security (%) 41 | 100 97 99 5 15 . Level 1 34 | . 2 . 50 61 . Level 2 23 | . . . 43 22 . Level 3 . | . . . . . . Level 4 . | . . . . . . Level 5 . | . . . . . . High Security . | . . . . . . Max Security . | . . . . . . Squads Dispatched 5 | . 1 1 3 . . Investigation 1 | . . . 1 . . Extermination . | . . . . . . Reinforcement 3 | . 1 . 2 . . Assault 1 | . . 1 . . . Garrison . | . . . . . . Intercept . | . . . . . . Construction Impeded . | . . . . . . Haulers Reinforced . | . . . . . . Stealth | -11 -10 -10 -9 -9 -9 --------- Run | Scr Mat Min Mat Min Exi Distress Signals 5 | . 1 . 4 . . Communications Jammed . | . . . . . . Distress Signals . | . . . . . . Times Spotted 112 | . 25 12 54 15 6 Peak Tracking Total 9 | . 5 3 6 4 9 Tactical Retreats 9 | . 8 . 1 . . Traps | -11 -10 -10 -9 -9 -9 ------- Run | Scr Mat Min Mat Min Exi Traps Triggered 3 | . 1 . 2 . . Indirectly . | . . . . . . Trap Hack Attempts . | . . . . . . Triggered . | . . . . . . Disarmed . | . . . . . . Reprogrammed . | . . . . . . Reused . | . . . . . . Traps Extracted . | . . . . . . Installed . | . . . . . . Triggered . | . . . . . . Machines | -11 -10 -10 -9 -9 -9 ---------- Run | Scr Mat Min Mat Min Exi Machines Disabled 10 | . 2 . 4 1 3 Max in Single Turn 2 | . 2 . 1 1 1 Machines Sabotaged . | . . . . . . Garrisons Compromised . | . . . . . . Overloaded Fab Kills . | . . . . . . Fab Network Shutdowns . | . . . . . . Hacking | -11 -10 -10 -9 -9 -9 --------- Run | Scr Mat Min Mat Min Exi Machines Accessed 18 | . 9 2 6 . 1 Terminals 15 | . 7 2 6 . . Fabricators . | . . . . . . Repair Stations . | . . . . . . Recycling Units 2 | . 2 . . . . Scanalyzers . | . . . . . . Garrison Access . | . . . . . . Total Hacks 50 | . 30 4 15 . 1 Successful 25 | . 15 4 5 . 1 Failed 25 | . 15 . 10 . . Catastrophic 3 | . 2 . 1 . . Database Lockouts . | . . . . . . Manual 16 | . 8 4 3 . 1 Terminals 40 | . 21 4 15 . . Fabricators . | . . . . . . Repair Stations . | . . . . . . Recycling Units 9 | . 9 . . . . Scanalyzers . | . . . . . . Garrison Access . | . . . . . . Terminal Hacks 15 | . 6 3 5 . 1 Part Schematic 2 | . 1 1 . . . Prototype ID Bank 3 | . 2 . 1 . . Terminal Index 1 | . 1 . . . . Unreport Threat 3 | . . 2 1 . . Locate Traps 5 | . 2 . 3 . . EX-Prototype ID Bank 1 | . . . . . 1 Fabricator Hacks . | . . . . . . Repair Station Hacks . | . . . . . . Recycling Unit Hacks 9 | . 9 . . . . Recycle Component 1 | . 1 . . . . Process 3 | . 3 . . . . Retrieve Matter 5 | . 5 . . . . Scanalyzer . | . . . . . . Garrison Access Hacks . | . . . . . . Unauthorized Hacks 1 | . . 1 . . . Terminals 1 | . . 1 . . . Track 1 | . . 1 . . . Fabricators . | . . . . . . Repair Stations . | . . . . . . Recycling Units . | . . . . . . Scanalyzers . | . . . . . . Garrison Access . | . . . . . . Data Cores Recovered . | . . . . . . Used . | . . . . . . Hacking Detections 17 | . 9 2 6 . . Full Trace Events 1 | . 1 . . . . Feedback Events . | . . . . . . Feedback Blocked . | . . . . . . Robot Schematics Acquired . | . . . . . . Robots Built . | . . . . . . Matter . | . . . . . . Time . | . . . . . . Total Robot Build Rating . | . . . . . . Part Schematics Acquired 1 | . 1 . . . . Parts Built . | . . . . . . Matter . | . . . . . . Time . | . . . . . . Total Part Build Rating . | . . . . . . Parts Repaired . | . . . . . . Time . | . . . . . . Parts Recycled 1 | . 1 . . . . Recycled Matter 171 | . 171 . . . . Retrieved Matter 171 | . 171 . . . . Retrieved Components . | . . . . . . Parts Scanalyzed . | . . . . . . Part Schematics Acquired . | . . . . . . Parts Damaged . | . . . . . . Bothacking | -11 -10 -10 -9 -9 -9 ------------ Run | Scr Mat Min Mat Min Exi Used RIF Installer . | . . . . . . Robots Hacked . | . . . . . . Non-combat . | . . . . . . Combat . | . . . . . . Robot Hacks Applied . | . . . . . . Relay Couplers Released . | . . . . . . Robots Rewired . | . . . . . . Allies Hacked . | . . . . . . Hacks Repelled . | . . . . . . Allies | -11 -10 -10 -9 -9 -9 -------- Run | Scr Mat Min Mat Min Exi Total Allies 3 | . . 1 . 2 . Largest Group 2 | . . 1 . 2 2 Highest-Rated Group 45 | . . 31 . 45 45 Highest-Rated Ally 31 | . . 31 . 31 31 Total Orders . | . . . . . . Ally Attacks 3 | . . 3 . . . Total Damage 61 | . . 61 . . . Kills 2 | . . 2 . . . Allies Corrupted . | . . . . . . Allies Melted . | . . . . . . Intel | -11 -10 -10 -9 -9 -9 ------- Run | Scr Mat Min Mat Min Exi Robot Analysis Total . | . . . . . . Derelict Logs Recovered 2 | . . 1 . 1 . Drone Launches . | . . . . . . Drone Recoveries . | . . . . . . Exploration | -11 -10 -10 -9 -9 -9 ------------- Run | Scr Mat Min Mat Min Exi Turns Passed 5696 | 94 980 816 2339 949 518 Spaces Moved 3421 | 51 786 587 1169 548 280 Core 1 | 1 . . . . . Treads 1951 | 11 . . 1112 548 280 Legs . | . . . . . . Wheels 1469 | 39 786 587 57 . . Hover . | . . . . . . Flight . | . . . . . . Fastest Speed 50 | 50 80 120 120 160 160 Average Speed 139 | 104 105 120 158 160 160 Slowest Speed 180 | 160 120 120 180 160 160 Overloaded Moves . | . . . . . . Propulsion Burnouts . | . . . . . . Robots Hopped . | . . . . . . Cave-ins Triggered . | . . . . . . Exploration Rate (%) 76 | 4 99 97 96 99 66 Regions Visited 5 Branch Regions 3 Pre-discovered Areas 1 | . . 1 . . . Known Exits Taken . | . . . . . . Unknown Exits Taken 5 | 1 1 1 1 1 . Scrap Searched 5 | . . 3 . 2 . Spaces Dug 13 | . 2 . 11 . . Terrain Destroyed 164 | . 72 24 47 11 10 Melee 1 | . . . 1 . . Projectile 9 | . 4 2 3 . . AOE 154 | . 68 22 43 11 10 Actions | -11 -10 -10 -9 -9 -9 --------- Run | Scr Mat Min Mat Min Exi Total 3951 | 77 879 658 1426 595 316 Wait 134 | 1 19 42 54 18 . Move 3416 | 50 785 586 1168 547 280 Hop . | . . . . . . Pick Up 54 | 9 19 1 20 4 1 Fast Attach 23 | 6 4 1 10 . 2 Attach 17 | 1 4 . 6 1 5 Detach . | . . . . . . Swap 47 | 1 10 6 22 6 2 Drop 47 | 2 8 2 26 3 6 Fire 212 | 7 30 20 119 16 20 Melee 1 | . . . 1 . . Ram . | . . . . . . Kick . | . . . . . . Crush . | . . . . . . Escape Stasis . | . . . . . . Rewire . | . . . . . . Trap . | . . . . . . Miscellaneous . | . . . . . . Route ------- -11/Scrapyard -10/Materials (discovered 4 exits: *Mat x3 / *Min) -10/Mines (discovered 2 exits: *Mat x2) -9/Materials (discovered 6 exits: [*Mat x3] / [*Min] / [*Sto x2]) -9/Mines (discovered 3 exits: [*Mat x2] / *Exi) -9/Exiles (discovered 1 exit: [*Min]) History --------- Turn | Location | Event 37 | -11/Scrapyard | Discovered new exit (range 15) 95 | -11/Scrapyard | Entered Materials 250 | -10/Materials | Discovered new exit (range 12) 278 | -10/Materials | Discovered new exit (range 13) 323 | -10/Materials | Build established: Mutant 417 | -10/Materials | Discovered new exit (range 5) 601 | -10/Materials | Discovered new exit (range 15) 1075 | -10/Materials | Entered Mines 1209 | -10/Mines | Met a Derelict testing a Signal Generator 1218 | -10/Mines | Discovered new exit (range 7) 1472 | -10/Mines | Learned location of Storage (-9) 1474 | -10/Mines | Discovered new exit (range 9) 1891 | -10/Mines | Entered Materials 1891 | -9/Materials | Evolved 2 slots: Propulsion x1, Utility x1 2091 | -9/Materials | Destroyed 7 combat bots 2240 | -9/Materials | Destroyed 7 combat bots 2245 | -9/Materials | Lost 4 parts (1p2n1u) 2357 | -9/Materials | Discovered new exit (range 15) 2475 | -9/Materials | Discovered new exit (range 15) 3157 | -9/Materials | Discovered new exit (range 10) 3440 | -9/Materials | Discovered new exit (range 14) 3450 | -9/Materials | Core integrity fell below 50% 3490 | -9/Materials | Build established: Scavenger-Mutant 3525 | -9/Materials | Discovered new exit (range 16) 3992 | -9/Materials | Discovered new exit (range 8) 4230 | -9/Materials | Entered Mines 4642 | -9/Mines | Learned Materials non-interactive machine intel 4881 | -9/Mines | Discovered new exit (range 15) 4894 | -9/Mines | Discovered new exit (range 16) 5168 | -9/Mines | Deemed a non-threat by the Exiles lab entrance 5168 | -9/Mines | Discovered new exit (range 5) 5179 | -9/Mines | Entered Exiles 5179 | -9/Exiles | Accompanied by 2 allies 5203 | -9/Exiles | Discovered new exit (range 15) 5209 | -9/Exiles | Led the pair of lost Derelicts to a safe place 5223 | -9/Exiles | Met 8R-AWN 5248 | -9/Exiles | Met EX-HEX 5327 | -9/Exiles | Met EX-DEC 5474 | -9/Exiles | Met EX-BIN 5498 | -9/Exiles | Aligned with FarCom system 5499 | -9/Exiles | Given EX-Vault access code 5538 | -9/Exiles | Opened EX-Vault 5548 | -9/Exiles | Found 0b10 Alert Chip 5557 | -9/Exiles | Found AWS/Thermal 5595 | -9/Exiles | Warned to stay clear of 0b10 Research branches 5613 | -9/Exiles | Attacked by the Exiles 5657 | -9/Exiles | Core integrity fell below 20% 5697 | -9/Exiles | Destroyed by 8R-AWN with 8R-AWN's Boregun Last Messages --------------- 05671_ Critical hit. 05671_ Lgt. Treads destroyed. 05671_ Penetrated by HV Slug. 05673_ HV Slug penetrates Machine. 05673_ HV Slug penetrates Wall. 05673_ Penetrated by HV Slug. 05673_ Critical hit. 05673_ Med. Armor Plating destroyed. 05675_ Penetrated by HV Slug. 05679_ System corrupted: Autogun targeting data glitched. 05679_ 8R-AWN knocked back. 05680_ Penetrated by HV Slug. 05688_ Lgt. Treads destroyed. 05688_ Penetrated by HV Slug. 05691_ System corrupted: Imp. Light Cannon targeting data glitched. 05692_ Penetrated by HV Slug. 05692_ HV Slug penetrates Wall. 05692_ BIN's Workstation disabled. 05694_ 8R-AWN knocked back. 05694_ Penetrated by HV Slug. Map ----- +----------------------------------------------------+ | ????????????????????# ## """#??????????????? | | ????????????????????# X""#??????????????? | | ????????????????????# ## """#??????????????? | | ??????????????####??# #??"""""???????????????? | | ??????????????"""""?# #???#?##???????????????? | | ?????????????"""" ## #??????????????????????? | | ????????????#""X" #??????????????????????? | | ????????????#" #??????????????????????? | | ????????????#" ## #??????????????????????? | | ????????????#""""""?# #?#########????????????? | | ??????????????"###??# #?#"""""""#????????????? | | ????????????????????# #?#"""""""#????????????? | | ????????????????????; #?#"""""""#????????????? | | ???????????????????## ###"" """"#????????????? | | ???????????????????# """"#????????????? | | ???????????????????#" """#????????????? | | ???????????????????#" """#????????????? | | ???????????????????#" """#????????????? | | ??????######???????#" """#????????????? | | ?????? """#???????# """#????????????? | | ?????"" """#???????## ] """"????????????? | | ????#"" #????????# ] =*! """#????????????? | | ????#"" #????????#" !! !"X" """"????????????? | | ?????"" "#????????#" !!!""" #????????????? | | ????? ""?????????#" """"""""#????????????? | | ??????" "?????????##" @###########????????????? | | ??????# #????????##" ?????????????????????? | | #???### ###?######"" #????????????????????? | | #####X# #"###""""""" ##????????????????????? | | """""" " "" #????????????????????? | | "" """ " #####""""????????????? | | " " " ""????????????? | | !% g "" "????????? | | " """?????? | | " "?????? | | " "##???? | | ""###?? | | "" "" """#?? | | #### "#?? | | ""##???## ###""" ##? | | " """##??????#???#""" ## | | """##???????????#"""" # | | ""#???????????##"" | | ########??####"""" | | ## ####""" | | """" | | | | "" # | | " ## | | " "" """ ""#? | +----------------------------------------------------+ Best States ------------- Heat Dissipation 28 Energy Generation 14 Energy Capacity 265 Matter Stores 300 Matter Capacity 300 Sight Range 16 Terrain Scan Range 16 Terrain Scan Density 10 Armor Coverage 225 Evasion (%) 44 Recoil Reduction 3 Item Schematics ----------------- Hcp. Storage Unit | -10/Materials | Hacked Robot Schematics ------------------ None Fabricated ------------ Nothing Alien Tech Used ----------------- None Achievements -------------- None Challenges ------------ None Game ------ Seed SwordAssembledBroadsword Manual? 0 Play Time 00:39:15 Cumulative 154.9 hours Start 2020.08.29 @ 15:25:30 End 2020.08.29 @ 16:05:01 Sessions 1 Manual Loads 0 Difficulty Rogue Special Mode None Game No. 188 Rogue 188 Adventurer 0 Explorer 0 Win Type - Total 2 Types 2/0/0/0/0/0/0 Lore% 61 Gallery% 71 Achievement% 53 Wizard Run 0 Options --------- ASCII 0 Keyboard 0 Movement Numpad Keybinds 0 Fullscreen 2 Font 24/Smallcaps Map View 76x50 Tactical HUD 1 Map Filters NONE Filters NONE Steam 1 RUN: b0ab60f3-1bd2-407d-bcd1-e3b31932e2e0